 Dungeon Crawl Stone Soup version 0.32-a0-128-g77eb882913 (webtiles) character file.

Game seed: 10601368366269959738

3066 hikkokomori the Cleaver (level 10, -8/77 HPs)
             Began as a Formicid Fighter on Feb 7, 2024.
             Killed from afar by Erica (31 damage)
             ... with a bolt of poison
             ... on level 8 of the Dungeon.
             The game lasted 00:09:30 (6745 turns).

hikkokomori the Cleaver (Formicid Fighter)          Turns: 6745, Time: 00:09:31

Health: -8/77      AC:  7    Str: 27    XL:     10   Next: 12%
Magic:  10/10      EV: 11    Int: 12    God:
Gold:   331        SH:  6    Dex: 19    Spells: 9/9 levels left

rFire   . . .        q - +0 battleaxe
rCold   + . .        c - +0 buckler
rNeg    . . .        C - +4 robe of Augmentation {Str+4 Int+4 Dex+4}
rPois   .            (helmet unavailable)
rElec   .            (no cloak)
rCorr   .            n - +0 pair of gloves
SInv    +            (no boots)
Will    +....        B - amulet of magic regeneration
Stlth   ++           h - +4 ring of slaying
HPRegen 0.32/turn    s - ring of protection from cold
MPRegen 0.52/turn

%: no passive effects
@: mighty, lethally poisoned (-8 -> -26), constricted
A: permanent stasis, dig shafts and tunnels, antennae 3, four strong arms
a: Dig, Shaft Self


You were on level 8 of the Dungeon.
You visited 2 branches of the dungeon, and saw 9 of its levels.

You collected 331 gold pieces.

Inventory:

Hand Weapons
 a - a +0 war axe
 q - a +0 battleaxe (weapon)
Missiles
 m - a dart of dispersal
 p - 12 javelins
 A - 14 poisoned darts (quivered)
 I - a throwing net
Armour
 b - a +0 scale mail
 c - a +0 buckler (worn)
 n - a +0 pair of gloves (worn)
 C - the +4 robe of Augmentation (worn) {Str+4 Int+4 Dex+4}
   (You found it on level 5 of the Dungeon)

   Str+4:     It affects your strength (+4).
   Int+4:     It affects your intelligence (+4).
   Dex+4:     It affects your dexterity (+4).
Jewellery
 h - a +4 ring of slaying (left hand)
 s - a ring of protection from cold (right hand)
 w - a +6 ring of intelligence
 B - an amulet of magic regeneration (around neck)
Wands
 D - a wand of mindburst (17)
 F - a wand of flame (12)
Scrolls
 e - a scroll of revelation
 f - 2 scrolls of fear {unknown}
 g - a scroll of acquirement {unknown}
 i - a scroll of blinking {unknown}
 o - a scroll of butterflies {unknown}
 u - 5 scrolls of identify {unknown}
 x - 3 scrolls of noise {unknown}
 y - a scroll of poison {unknown}
 H - 2 scrolls of amnesia {unknown}
 J - a scroll of enchant weapon {unknown}
Potions
 d - 4 potions of might
 j - a potion of ambrosia {unknown}
 k - 2 potions of berserk rage {unknown}
 l - a potion of magic {unknown}
 r - 2 potions of lignification
 t - a potion of enlightenment {unknown}
 v - 3 potions of brilliance {unknown}
 z - 2 potions of invisibility {unknown}
 E - 2 potions of curing {unknown}
 G - a potion of cancellation {unknown}


   Skills:
 - Level 6.7 Fighting
 + Level 9.8 Axes
 - Level 5.0 Throwing
 - Level 3.2 Armour
 + Level 4.6 Dodging
 - Level 5.0 Shields


You had 9 spell levels left.
You didn't know any spells.
Your spell library contained the following spells:

 Spells                   Type           Power      Damage    Failure   Level
 Freeze                   Ice            0%         1d3       36%         1
 Magic Dart               Conj           0%         1d3       36%         1
 Call Imp                 Summ           0%         N/A       50%         2
 Searing Ray              Conj           0%         2d4       50%         2
 Frozen Ramparts          Ice            0%         1d1       75%         3
 Gell's Gravitas          Tloc           0%         N/A       75%         3
 Hailstorm                Conj/Ice       0%         3d5       75%         3
 Summon Ice Beast         Ice/Summ       0%         N/A       75%         3
 Teleport Other           Tloc           0%         N/A       75%         3
 Anguish                  Hex/Necr       0%         N/A       98%         4
 Cause Fear               Hex            0%         N/A       98%         4
 Fulminant Prism          Conj/Alch      0%         3d5       98%         4
 Dispersal                Tloc           0%         N/A       100%        6
 Sculpt Simulacrum        Ice/Alch       0%         N/A       100%        6
 Enfeeble                 Hex            0%         N/A       100%        7
 Blink                    Tloc           Unusable   N/A       N/A         2

Dungeon Overview and Level Annotations

Branches:
Dungeon (8/15)             Temple (1/1) D:5
   Lair: D:8-11

Altars:
Ashenzari
Cheibriados
Dithmenos
Elyvilon
Fedhas
Gozag
Kikubaaqudgha
Makhleb
Nemelex Xobeh
Okawaru
Qazlal
Ru
Sif Muna
Trog
Uskayaw
Vehumet
Wu Jian
Xom
Yredelemnul
Zin
The Shining One

Annotations:
D:3 1 runed translucent door, Crazy Yiuf
D:8 Erica


Innate Abilities, Weirdness & Mutations

You cannot be hasted, slowed, berserked, paralysed or teleported.
You can dig through walls and to a lower floor.
You have a pair of large antennae on your head. (SInv)
Your four strong arms can wield two-handed weapons with a shield.


Message History

You resist with some effort.
The white imp hits you but does no damage.
You slice the white imp!!
You kill the white imp!
Erica casts a spell.
Erica flickers and vanishes for a moment.
Unknown command.
Unknown command.
You barely miss Erica.
Erica hits you with a +0 scimitar of flaming!
Erica burns you. Erica closely misses you.
Unknown command.
You barely miss Erica.
Erica hits you with a +0 scimitar of flaming!
Erica burns you. Erica closely misses you.
Unknown command.
You slash Erica!
Erica is moderately wounded.
Erica zaps a wand.
You easily resist.
Unknown command.
You hit Erica.
Erica is moderately wounded.
Erica barely misses you. Erica grabs you. Erica constricts you.
Erica casts a spell at you. The bolt of poison misses you.
Erica constricts you.
You feel very mighty all of a sudden.
Erica hits you with a +0 scimitar of flaming.
Erica burns you. Erica constricts you.
You slash Erica!
Erica is heavily wounded.
Erica barely misses you. Erica constricts you.
* * * LOW HITPOINT WARNING * * *
Unknown command.
You slash Erica!
Erica is severely wounded.
Erica casts a spell at you. The bolt of poison hits you!!
You are poisoned.
You die...
Erica begins burbling mirthfully and uncontrollably.

... #.. .# .# #.. .# ...
#.# .# .... ##'## .#
..∩..#...## ####.#
..........## #....#
......x@...## ##....#
###.......).####....####
+.......).'...........
#.......).####...#####
##.......## ##..#
##.....## ##.# ##...##
#.# ##+## ..[ #..#


You could see Erica (invisible).

Vanquished Creatures
  Psyche (D:8)
  Menkaure (D:7)
  2 orc warriors
  2 ice beasts
  A sky beast (D:7)
  6 ogres
  A centaur (D:6)
  A phantom (D:5)
  3 kobold brigands
  6 bullfrogs
  A scorpion (D:4)
  A wight (D:7)
  A quasit (D:8)
  5 hounds
  A bombardier beetle (D:5)
  3 jellies
  An orc priest (D:3)
  A gnoll bouda (D:8)
  3 iguanas
  A sleepcap (D:5)
  3 orc wizards
  Natasha (thrice) (D:3)
  5 gnolls (D:8)
  7 adders
  3 white imps
  5 ufetubi
  2 dart slugs (D:1)
  2 ribbon worms
  11 orcs
  7 ball pythons
  7 bats
  10 endoplasms
  3 giant cockroaches
  6 goblins
  10 hobgoblins
  11 jackals
  A quokka (D:1)
  4 frilled lizards
  16 kobolds
  5 rats
163 creatures vanquished.

Notes
Turn   | Place    | Note
-------+----------+-------------------------------------------
     0 | D:1      | hikkokomori the Formicid Fighter began the quest for the
                  | Orb.
     0 | D:1      | Reached XP level 1. HP: 18/18 MP: 1/1
    50 | D:1      | Reached XP level 2. HP: 24/24 MP: 2/2
    63 | D:1      | Reached skill level 3 in Axes
   164 | D:1      | Reached XP level 3. HP: 27/29 MP: 3/3
   587 | D:2      | Found a shimmering blue altar of Sif Muna.
   673 | D:2      | Reached skill level 4 in Axes
   673 | D:2      | Reached XP level 4. HP: 34/35 MP: 4/4
  1379 | D:3      | Reached skill level 1 in Throwing
  1439 | D:3      | Reached XP level 5. HP: 42/42 MP: 5/5
  1534 | D:3      | Found a runed translucent door.
  1535 | D:3      | Noticed Crazy Yiuf
  1567 | D:3      | Noticed Natasha
  1571 | D:3      | Killed Natasha
  1588 | D:3      | Noticed Natasha
  1598 | D:3      | Killed Natasha
  1686 | D:3      | Reached skill level 5 in Shields
  1686 | D:3      | Reached XP level 6. HP: 33/48 MP: 6/6
  1982 | D:3      | Noticed Natasha
  1988 | D:3      | Killed Natasha
  2233 | D:4      | Noticed an ogre
  2240 | D:4      | Killed an ogre
  2279 | D:4      | Reached XP level 7. HP: 17/55 MP: 7/7
  2458 | D:4      | Reached skill level 5 in Fighting
  3308 | D:4      | Found a burning altar of Makhleb.
  3308 | D:4      | Found a basalt altar of Yredelemnul.
  3313 | D:4      | Reached skill level 5 in Axes
  3418 | D:5      | Entered Level 5 of the Dungeon
  3866 | D:5      | Found a staircase to the Ecumenical Temple.
  3922 | D:5      | Found the +4 robe of Augmentation {Str+4 Int+4 Dex+4}
  3930 | D:5      | Reached XP level 8. HP: 59/64 MP: 8/8
  4618 | Temple   | Entered the Ecumenical Temple
  4692 | D:6      | Reached skill level 6 in Axes
  4692 | D:6      | Reached skill level 5 in Throwing
  4803 | D:6      | Reached skill level 7 in Axes
  4806 | D:6      | Reached XP level 9. HP: 50/71 MP: 9/9
  5165 | D:6      | Reached skill level 8 in Axes
  5379 | D:7      | Reached skill level 1 in Dodging
  5726 | D:7      | Noticed Menkaure
  5733 | D:7      | Killed Menkaure
  6086 | D:7      | Reached skill level 9 in Axes
  6299 | D:7      | Found an opulent altar of Gozag.
  6327 | D:7      | Found a hide-covered altar of Uskayaw.
  6428 | D:8      | Noticed Psyche
  6436 | D:8      | Killed Psyche
  6437 | D:8      | Reached XP level 10. HP: 77/77 MP: 10/10
  6562 | D:8      | Found an iron altar of Okawaru.
  6732 | D:8      | Noticed Erica
  6745 | D:8      | Killed from afar by Erica

Illustrated notes

Levels and vault maps discovered:
D:1:      dpeg_arrival_rhombi, layout_rooms, corexii_corridor_pit
D:2:      layout_rooms, basic_altar, minivault_4
D:3:      layout_loops_ring, hex_large, uniq_natasha, uniq_crazy_yiuf_cottage
D:4:      layout_basic, gammafunk_temple_overflow_pools,
          nicolae_houndstooth_variations
D:5:      layout_loops_ring, minmay_temple_entry_glassed_door, hex_tiny
D:6:      layout_cave_pools, chequers_arboretum
D:7:      layout_loops_ring, jmf_multi_god_temple2,
          chequers_serial_rivers_micro_c, uniq_menkaure
D:8:      layout_loops_corners, okawaru_trees_2, serial_demonic,
          serial_demonic_c, serial_demonic_c, serial_demonic_b,
          serial_demonic_g, serial_demonic_d, uniq_erica, uniq_maggie,
          uniq_psyche
Temple:   minmay_freezing_vapour_temple

Skill      XL: |  1  2  3  4  5  6  7  8  9 |
---------------+----------------------------+-----
Axes           | 3 4 5 7 9 |  9.8
Throwing       | 1 2 3 4 5 |  5.0
Fighting       | 4 5 6 |  6.7
Shields        | 5 |  5.0
Dodging        | 4 |  4.6
Armour         | |  3.2

Action                     |  1- 3 |  4- 6 |  7- 9 | 10-12 || total
---------------------------+-------+-------+-------+-------++-------
  Melee: War axe           |    93 |    88 |    48 |       ||   229
         Battleaxe         |       |       |   137 |    46 ||   183
  Throw: Dart              |       |     5 |    20 |       ||    25
         Javelin           |       |       |     4 |       ||     4
Ability: Dig               |       |       |     1 |       ||     1
    Use: Scroll            |     1 |       |       |       ||     1
         Potion            |       |       |     1 |     1 ||     2
   Stab: Sleeping          |       |       |     1 |       ||     1
 Armour: Scale mail        |    57 |    57 |    38 |       ||   152
         Robe              |       |       |   101 |    37 ||   138
         Skin              |       |       |     5 |    12 ||    17
  Dodge: Dodged            |    54 |    32 |   104 |    43 ||   233
  Block: Buckler           |    26 |    26 |    52 |    23 ||   127

Table legend: (Time is in decaauts)
 A = Elapsed time spent in this place.
 B = Non-inter-level travel time spent in this place.
 C = Inter-level travel time spent in this place.
 D = Time resting spent in this place.
 E = Time spent auto-exploring this place.
 F = Levels seen in this place.
 G = Mean time per level.
                   A        B        C        D        E       F      G
               +--------+--------+--------+--------+--------+-----+--------+
         Total |   6873 |   6648 |    225 |    699 |   4748 |   9 |  763.7 |
       Dungeon |   6857 |   6632 |    225 |    699 |   4748 |   8 |  857.1 |
        Temple |     16 |     16 |      0 |      0 |      0 |   1 |   16.0 |
               +--------+--------+--------+--------+--------+-----+--------+

Top non-repeatable levels by time:
     D:5: 1266 daAuts
     D:4: 1195 daAuts
     D:7: 1143 daAuts
     D:3: 991 daAuts
     D:2: 691 daAuts
     D:6: 626 daAuts
     D:1: 609 daAuts
     D:8: 332 daAuts
  Temple: 16 daAuts
